Map: Pillars of Gold LE

Players

PattyMac

  • Race: Protoss Protoss
  • League: Grandmaster
  • Spawn Location: 1:00

MaSa - Winner!

  • Race: Terran Terran
  • League: Master
  • Spawn Location: 7:00

Event: DreamHack SC2 Masters 2020 Winter

VOD

Have the link to the VOD?

Description

Time

  • Played on: Nov. 1, 2020, 4:03 p.m.
  • Length: 7:43

All games in this series

Show
View Real Time Build Order
Export as new Build Order

PattyMac Protoss 

Build Orders: Phoenix Opening, Blink Stalkers 

Get SALT Encoding   

  12  0:00  Probe  
  13  0:12  Probe  
  14  0:17  Pylon  
  14  0:24  Probe (Chrono Boost)  
  15  0:37  Probe (Chrono Boost)  
  15  0:39  Gateway  
  15  0:42  Probe (Chrono Boost)  
  16  0:47  Assimilator  
  17  0:53  Probe  
  18  1:05  Probe  
  19  1:17  Probe  
  20  1:29  Probe  
  20  1:32  Cybernetics Core  
  21  1:38  Pylon  
  21  1:41  Probe  
  22  1:54  Nexus  
  22  2:05  Adept (Chrono Boost)  
  23  2:10  Warp Gate  
  23  2:30  Nexus  
  23  2:33  Adept (Chrono Boost)  
  25  2:41  Assimilator  
  25  2:44  Probe  
  26  2:54  Pylon  
  26  2:56  Sentry  
  28  3:01  Probe  
  29  3:13  Probe  
  26  3:24  Twilight Council  
  26  3:25  Probe  
  27  3:29  Gateway, Phoenix  
  27  3:34  Gateway  
  27  3:43  Gateway  
  27  3:47  Probe (Chrono Boost)  
  28  3:50  Probe (Chrono Boost)  
  29  3:58  Blink (Chrono Boost), Probe (Chrono Boost)  
  29  3:59  Probe (Chrono Boost)  
  31  4:05  Probe (Chrono Boost)  
  31  4:09  Probe  
  33  4:15  Stalker  
  35  4:18  Probe  
  35  4:21  Probe  
  37  4:29  Stalker  
  37  4:30  Probe  
  40  4:33  Probe  
  40  4:35  Stalker  
  43  4:42  Probe  
  43  4:45  Probe  
  45  4:46  Robotics Facility  
  45  4:54  Probe  
  45  4:55  Assimilator  
  45  4:57  Probe  
  45  4:58  Pylon  
  47  5:01  Stalker  
  47  5:06  Probe  
  47  5:07  Phoenix, Pylon  
  50  5:18  Stalker x2  
  50  5:20  Probe  
  55  5:21  Probe  
  55  5:25  Assimilator  
  56  5:30  Stalker, Pylon  
  56  5:35  Observer (Chrono Boost)  
  59  5:36  Probe  
  59  5:37  Probe  
  61  5:44  Pylon  
  61  5:48  Robotics Bay  
  61  5:49  Probe  
  62  5:58  Pylon  
  62  5:59  Probe  
  59  6:15  Stalker x3  
  59  6:16  Stalker  
  59  6:19  Probe (Chrono Boost)  
  59  6:20  Probe (Chrono Boost)  
  55  6:31  Probe (Chrono Boost)  
  56  6:38  Probe (Chrono Boost)  
  57  6:40  Shield Battery, Probe (Chrono Boost)  
  57  6:41  Observer  
  57  6:44  Probe (Chrono Boost)  
  57  6:45  Probe  
  58  6:56  Probe  
  58  6:57  Nexus, Probe  
  60  7:03  Observer (Chrono Boost)  
  60  7:08  Probe  
  62  7:10  Probe  
  62  7:14  Stalker  
  62  7:15  Stalker  
  63  7:24  Stalker x2  
  65  7:31  Probe  
Show
View Real Time Build Order
Export as new Build Order

MaSa Terran - Winner!

Build Orders:  

Get SALT Encoding   

  12  0:00  SCV  
  13  0:12  SCV  
  14  0:17  Supply Depot  
  14  0:24  SCV  
  15  0:39  SCV  
  15  0:41  Barracks  
  16  0:52  Barracks  
  16  0:57  Refinery  
  16  1:02  SCV  
  17  1:14  SCV  
  17  1:17  Engineering Bay  
  18  1:26  SCV  
  19  1:34  Marine  
  19  1:38  Orbital Command  
  20  1:50  Supply Depot  
  20  1:52  Barracks Reactor  
  20  2:00  Refinery  
  20  2:07  SCV  
  21  2:15  Command Center  
  21  2:19  SCV  
  22  2:28  Marine x2  
  24  2:33  Factory  
  24  2:39  Bunker  
  24  2:43  SCV  
  25  2:46  Marine  
  25  2:47  Marine  
  27  2:55  SCV  
  28  3:04  Marine  
  29  3:05  Marine  
  29  3:07  SCV  
  31  3:19  SCV  
  31  3:22  Starport  
  31  3:27  Widow Mine, Marine  
  31  3:31  Reaper  
  31  3:32  SCV  
  36  3:36  Orbital Command  
  36  3:45  SCV, Marine  
  38  3:49  Factory Tech Lab  
  38  3:55  Orbital Command  
  38  3:57  SCV  
  39  4:02  Marine  
  39  4:04  Fusion Core  
  39  4:05  Marine  
  41  4:11  Bunker  
  41  4:15  SCV, Factory Tech Lab  
  42  4:20  Supply Depot  
  42  4:22  SCV, Marine  
  42  4:23  Marine  
  45  4:33  SCV  
  45  4:36  Supply Depot  
  46  4:41  SCV  
  46  4:44  Marine x2  
  50  4:45  SCV  
  50  4:47  Supply Depot  
  50  5:02  Battlecruiser  
  50  5:03  SCV  
  50  5:05  SCV  
  58  5:12  Siege Tank  
  61  5:14  Marine  
  61  5:17  SCV  
  61  5:18  Marine  
  63  5:23  Supply Depot  
  63  5:26  SCV  
  64  5:29  Supply Depot  
  64  5:33  SCV  
  65  5:37  Marine  
  65  5:40  Supply Depot  
  66  5:44  Siege Tank  
  66  5:45  SCV  
  70  5:54  SCV  
  71  6:05  Command Center  
  71  6:10  SCV  
  70  6:16  SCV  
  70  6:23  Battlecruiser  
  76  6:27  SCV  
  76  6:31  Refinery  
  76  6:32  Refinery  
  77  6:35  SCV  
  77  6:39  Siege Tank  
  81  6:44  SCV  
  82  6:48  Engineering Bay  
  82  6:56  SCV  
  82  6:57  Marine x2  
  85  7:07  Barracks  
  85  7:08  SCV, Barracks  
  85  7:12  SCV  
  90  7:15  Supply Depot  
  90  7:17  Supply Depot  
  90  7:27  SCV  
  90  7:29  SCV  
  92  7:38  Missile Turret  
Tags
 
Add a new tag
Caveats
  • Supply blocks, unpowered buildings, or Contaminate may cause inaccurate times.
  • Supply counts are checked every 10 seconds.